 Dungeon Crawl Stone Soup version 0.30.1-9-gdf580d7c3d (webtiles) character file.

Game seed: 11153737613645839793

135 tizbic2 the Trooper (level 5, -3/54 (55) HPs)
             Began as an Ogre Gladiator on Sept 30, 2023.
             Slain by Crazy Yiuf
             ... wielding a +3 quarterstaff of chaos
              (13 damage)
             ... on level 2 of the Dungeon.
             The game lasted 00:06:35 (1312 turns).

tizbic2 the Trooper (Ogre Gladiator)                Turns: 1312, Time: 00:06:36

HP:   -3/54 (55)    AC: 10    Str: 20    XL:     5   Next: 18%
MP:   5/5           EV:  8    Int:  9    God:
Gold: 113           SH:  6    Dex: 10    Spells: 4/4 levels left

rFire   + . .        r - +2 falchion (protect)
rCold   + . .        q - +0 kite shield
rNeg    . . .        a - +0 robe
rPois   +            b - +0 hat
rElec   +            (no cloak)
rCorr   +            (gloves unavailable)
SInv    .            (boots unavailable)
Will    .....        (no amulet)
Stlth   +            (no ring)
HPRegen 0.29/turn    (no ring)
MPRegen 0.09/turn

%: no passive effects
@: resistant, under a protective aura, lightly drained
A: large, unfitting armour, tough skin 1
a: no special abilities


You were on level 2 of the Dungeon.
You visited 1 branch of the dungeon, and saw 2 of its levels.

You collected 113 gold pieces.

Inventory:

Hand Weapons
 r - a +2 falchion of protection (weapon)
Missiles
 c - a throwing net
 d - 20 stones (quivered)
 n - 3 atropa-tipped darts
 o - a large rock
Armour
 a - a +0 robe (worn)
 b - a +0 hat (worn)
 q - a +0 kite shield (worn)
Magical Staves
 s - a staff of poison
Scrolls
 e - a scroll of identify
 f - a scroll of butterflies {unknown}
 h - a scroll of teleportation {unknown}
 i - 2 scrolls of immolation {unknown}
 j - a scroll of poison {unknown}
Potions
 g - a potion of heal wounds {unknown}
 k - a potion of degeneration {unknown}
 l - a potion of brilliance {unknown}
 m - a potion of lignification {unknown}
 p - a potion of flight {unknown}


   Skills:
 * Level 4.6 Fighting
 - Level 2.2 Throwing
 + Level 3.2 Dodging
 * Level 3.8 Unarmed Combat


You had 4 spell levels left.
You didn't know any spells.
Your spell library contained the following spells:

 Spells                   Type           Power      Damage    Failure   Level
 Sandblast                Erth           0%         2d4       75%         1
 Passwall                 Tmut/Erth      0%         N/A       86%         2
 Stone Arrow              Conj/Erth      0%         3d7       98%         3


Dungeon Overview and Level Annotations

Branches:
Dungeon (2/15)

Altars:

Annotations:
D:2 Crazy Yiuf


Innate Abilities, Weirdness & Mutations

You are too large for most types of armour.
You have tough skin. (AC +1)


Message History

You hit Crazy Yiuf.
Your weapon exudes an aura of protection.
Crazy Yiuf is lightly wounded.
Crazy Yiuf hits you but does no damage.
You hit Crazy Yiuf.
Crazy Yiuf is moderately wounded.
Crazy Yiuf whimpers, "Two!
Dawk ena mumblescurry."
You block Crazy Yiuf's attack.
Crazy Yiuf says, "Rifle!
Trifle light hand."
Crazy Yiuf hits you with a +3 quarterstaff of chaos.
You hit Crazy Yiuf.
Crazy Yiuf is heavily wounded.
Crazy Yiuf hits you with a +3 quarterstaff of chaos.
You easily resist.
You slash Crazy Yiuf!
Crazy Yiuf is almost dead.
Crazy Yiuf whimpers, "Ten blue ladder!"
Crazy Yiuf hits you with a +3 quarterstaff of chaos.
Crazy Yiuf burns you.
Crazy Yiuf laughs, "East!"
Crazy Yiuf closely misses you.
You hit Crazy Yiuf but do no damage.
Crazy Yiuf is almost dead.
Crazy Yiuf whimpers, "Snower!
Snoogle tired arm."
Crazy Yiuf hits you with a +3 quarterstaff of chaos.
You feel drained.
You hit Crazy Yiuf.
Crazy Yiuf is almost dead.
Crazy Yiuf hits you with a +3 quarterstaff of chaos.
Crazy Yiuf hits you with a +3 quarterstaff of chaos!
* * * LOW HITPOINT WARNING * * *
Crazy Yiuf burns you.
* * * LOW HITPOINT WARNING * * *
You completely miss Crazy Yiuf.
Crazy Yiuf is almost dead.
Crazy Yiuf barely misses you.
You closely miss Crazy Yiuf.
Crazy Yiuf is almost dead.
Crazy Yiuf hits you with a +3 quarterstaff of chaos!
You die...

......#.# #......# ......#.#
#......## #####.#.# #.......#
####### ......#)# #########
#...... #######.# #......
........# ♣♣♣♣♣####......
######### ### ♣♣♣.♣....##......
.######### #...#♣..♣......#......
.#.......# #...g@♣♣♣♣............
.#.....[.# #)..#♣♣ ♣♣...........
.#.......# ### ♣♣####......
.#.......# ###...# .........#
#####...' ##.....### ##########
#.#.....# ..####'#####........#
#.......#
....................#####....####
............#####...##.......#


You could see Crazy Yiuf.

Vanquished Creatures
  A hound (D:2)
  Terence (D:2)
  2 adders (D:2)
  4 worms (D:2)
  A dart slug (D:2)
  5 ball pythons
  2 bats
  6 endoplasms
  2 giant cockroaches (D:1)
  A hobgoblin (D:2)
  3 jackals (D:1)
  2 quokkas (D:1)
  4 frilled lizards (D:1)
  5 goblins
  7 kobolds
  3 rats (D:2)
49 creatures vanquished.

Notes
Turn   | Place    | Note
-------+----------+-------------------------------------------
     0 | D:1      | tizbic2 the Ogre Gladiator began the quest for the Orb.
     0 | D:1      | Reached XP level 1. HP: 22/22 MP: 1/1
    97 | D:1      | Reached skill level 3 in Fighting
   133 | D:1      | Reached XP level 2. HP: 31/31 MP: 2/2
   376 | D:1      | Reached XP level 3. HP: 32/37 MP: 3/3
   669 | D:2      | Reached skill level 4 in Fighting
   669 | D:2      | Reached XP level 4. HP: 48/48 MP: 4/4
  1022 | D:2      | Noticed Terence
  1029 | D:2      | Killed Terence
  1030 | D:2      | Reached XP level 5. HP: 55/55 MP: 5/5
  1298 | D:2      | Found a runed translucent door.
  1299 | D:2      | Noticed Crazy Yiuf
  1312 | D:2      | Slain by Crazy Yiuf

Illustrated notes

Levels and vault maps discovered:
D:1:      minmay_arrival_open_corners, layout_rooms, palyth_stone_intersect
D:2:      layout_basic, uniq_terence, uniq_crazy_yiuf_cottage

Skill      XL: |  1  2  3 |
---------------+----------+-----
Fighting       | 3 4 |  4.6
Unarmed Combat | 3 |  3.8
Dodging        | 3 |  3.2
Throwing       | |  2.2

Action                     |  1- 3 |  4- 6 || total
---------------------------+-------+-------++-------
  Melee: Unarmed           |    95 |    46 ||   141
         Punch             |     2 |     1 ||     3
         Falchion          |       |    34 ||    34
  Throw: Large rock        |     4 |     2 ||     6
         Stone             |     1 |     1 ||     2
         Dart              |       |     2 ||     2
         Throwing net      |       |     2 ||     2
    Use: Scroll            |     1 |       ||     1
 Armour: Robe              |    26 |     9 ||    35
  Dodge: Dodged            |    51 |    27 ||    78
  Block: Kite shield       |       |     4 ||     4
